 Dungeon Crawl Stone Soup version 0.14-a0-1590-g25a9b7f (webtiles) character file.

306 PolkaDot the Vexing (level 5, 0/35 HPs)
             Began as a Vampire Enchanter on Dec 23, 2013.
             Slain by a worker ant (3 damage)
             ... on Level 3 of the Dungeon.
             The game lasted 00:12:23 (2947 turns).

PolkaDot the Vexing (Vampire Enchanter)             Turns: 2947, Time: 00:12:24

HP   0/35        AC  4     Str  6 (7)  XL: 5   Next: 23%
MP   0/9         EV 12     Int 17      God:
Gold 139         SH  0     Dex 14 (15) Spells:  2 memorised,  4 levels left

rFire  + . .     SeeInvis +     a - +2,+1 dagger (curse)
rCold  . . .     Clarity  .     b - +1 robe
rNeg   . . .     Conserve .     (no shield)
rPois  .         rCorr    +     (no helmet)
rElec  .         rRot     .     (no cloak)
SustAb . .       Spirit   .     (no gloves)
rMut   .         Warding  .     (no boots)
Saprov . . .     Stasis   .     f - amulet of resist corrosion
                                j - ring of protection from fire {unknown}
                                e - +1 ring of protection

@: regenerating quickly, flying, slightly resistant to hostile enchantments,
quite stealthy
A: fangs 3, see invisible, berserk 1, unbreathing
a: no special abilities


You were on level 3 of the Dungeon.
You were very full.

You visited 1 branch of the dungeon, and saw 4 of its levels.

You collected 139 gold pieces.

Inventory:

Hand weapons
 a - a cursed +2,+1 dagger (weapon)
Missiles
 d - 12 darts (quivered)
Armour
 b - a +1 robe (worn)
 l - a +0 fire dragon armour
Scrolls
 h - a scroll of remove curse {unknown}
 o - a scroll of curse weapon
 p - a scroll of amnesia
Jewellery
 e - a +1 ring of protection (left hand)
 f - an amulet of resist corrosion (around neck)
 j - a ring of protection from fire (right hand) {unknown}
Potions
 m - a potion of poison {!q}
Books
 c - a book of Maledictions

   Spells                             Type                      Level
   *Corona                            Hexes                        1
   Sure Blade                         Hexes/Charms                 2
   Ensorcelled Hibernation            Hexes/Ice                    2
   *Confuse                           Hexes                        3
   Enslavement                        Hexes                        4
   Invisibility                       Hexes                        6


   Skills:
 + Level 3.8 Short Blades
 - Level 0.7 Throwing
 - Level 2.1 Dodging
 + Level 4.8 Stealth
 - Level 2.0 Spellcasting
 * Level 6.1 Hexes


You had 4 spell levels left.
You knew the following spells:

 Your Spells              Type           Power        Failure   Level  Hunger
a - Corona                Hex            ###....      1%          1    #......
c - Confuse               Hex            ###.....     6%          3    ####...


Dungeon Overview and Level Annotations

Branches:
Dungeon (4/16)
 Temple: D:4-7

Altars:


Innate Abilities, Weirdness & Mutations

Your natural rate of healing is unusually fast.
You have razor-sharp teeth.*
You have supernaturally acute eyesight.
You can survive without breathing.*
You tend to lose your temper in combat.+


Message History

You feel sick.
You feel better.
There is a stone staircase leading up here.
The worker ant bites you.
* * * LOW HITPOINT WARNING * * *
You fly upwards.
There is a stone staircase leading down here.
The worker ant bites you.
* * * LOW HITPOINT WARNING * * *
There is an open door here.
Casting: Corona
Confirm with . or Enter, or press ? or * to list all spells.
Aiming: Confuse
Press: ? - help, Shift-Dir - straight line, f - worker ant
Aim: a worker ant (heavily wounded)
The worker ant resists with significant effort.
* * * LOW MAGIC WARNING * * *
The worker ant barely misses you. The worker ant bites you.
You die...

#.#####.###.........####...#..##
#.# #...'.....%...'...........
#.# #.###>...%.%..####......##
#.# #.# ##.......## ##.##.###
#.#####.# ##.....#######.....).
#..)....# ##...## #........##.
####.#### ##'## #.###.#..##. #.#
#a# #.#......##. #.##########@#
#.#.#.#.###. #.##......[#.##
#.#.#.#.###.
#.##.###.#....####.#.#.......
#.##.# #.................####
#....###.#....##..##.###.#
####.....#.#.###..##.# #.#
##.####.#.# #.....# #.#
#......#.# ##.#### #.#
########.# #.# #.#


You could see a worker ant.

Vanquished Creatures
  A hound (D:4)
  A worker ant (D:3)
  4 adders
  A giant eyeball (D:3)
  3 giant geckos
  An ooze (D:3)
  13 bats
  5 giant cockroaches
  13 hobgoblins
  2 quokkas (D:2)
  A ball python (D:2)
  2 giant newts (D:2)
  12 goblins
  A kobold (D:2)
  11 rats
71 creatures vanquished.

Notes
Turn   | Place    | Note
--------------------------------------------------------------
     0 | D:1      | PolkaDot, the Vampire Enchanter, began the quest for the Orb.
     0 | D:1      | Reached XP level 1. HP: 13/13 MP: 3/3
   133 | D:1      | Reached XP level 2. HP: 19/19 MP: 2/4
   668 | D:2      | Reached XP level 3. HP: 24/24 MP: 6/6
   679 | D:1      | Learned a level 3 spell: Confuse
  1253 | D:2      | Reached skill level 5 in Hexes
  1665 | D:2      | Reached XP level 4. HP: 25/30 MP: 0/7
  2764 | D:3      | Reached XP level 5. HP: 35/35 MP: 9/9
  2912 | D:4      | Reached skill level 6 in Hexes
  2932 | D:4      | Gained mutation: You tend to lose your temper in combat. [potion of mutation]
  2947 | D:3      | Slain by a worker ant

Action                   |  1- 3 |  4- 6 || total
-------------------------+-------+-------++-------
Melee: Dagger            |   184 |    96 ||   280
 Cast: Corona            |    15 |     2 ||    17
       Confuse           |     2 |     7 ||     9
  Use: Scroll            |     4 |     4 ||     8
       Potion            |     1 |     8 ||     9
 Stab: Sleeping          |     6 |     3 ||     9
       Confused          |     1 |     3 ||     4
       Distracted        |       |     2 ||     2
